 Dungeon Crawl Stone Soup version 0.15-a0-1224-g3833f9c (webtiles) character file.

831 PollyEsther the Cudgeler (level 7, 0/78 HPs)
             Began as a Demonspawn Berserker on June 2, 2014.
             Was an Elder of Trog.
             Slain by an orc wizard
             ... wielding a +0,+0 trident
              (8 damage)
             ... on Level 5 of the Dungeon.
             The game lasted 00:36:08 (4371 turns).

PollyEsther the Cudgeler (Demonspawn Berserker)     Turns: 4371, Time: 00:36:08

HP   0/78        AC 11     Str 24      XL: 7   Next: 65%
MP   7/7         EV 10     Int  9      God: Trog [****..]
Gold 96          SH 10     Dex 13      Spells:  0 memorised,  6 levels left

rFire  . . .     SeeInvis .     a - +0,+1 mace
rCold  + . .     Clarity  .     j - +0 ring mail
rNeg   . . .     rCorr    .     k - +0 buckler {rPois}
rPois  +         rRot     .     (helmet restricted)
rElec  .         Spirit   .     (no cloak)
SustAb .         Warding  .     g - +0 pair of gloves
rMut   .         Stasis   .     (no boots)
Gourm  .                        (no amulet)
MR     .....                    m - cursed +1 ring of intelligence
                                f - ring of protection from cold {rC+, !d}

@: berserking, slowed, glowing, not resistant to hostile enchantments, extremely
unstealthy
A: antennae 1, iridescent scales 1, spiny 1
a: Burn Spellbooks, Berserk, Trog's Hand, Brothers in Arms, Renounce Religion


You were on level 5 of the Dungeon.
You worshipped Trog.
Trog was greatly pleased with you.
You were not hungry.

You visited 1 branch of the dungeon, and saw 5 of its levels.
You also visited: Sewer.

You collected 96 gold pieces.

Inventory:

Hand weapons
 a - a +0,+1 mace (weapon)
 b - a +0,+0 flail
   (You found it on level 5 of the Dungeon)
 q - a +0 blowgun
   (You took it off a kobold on level 3 of the Dungeon)
Missiles
 h - 14 stones
 n - 4 tomahawks of dispersal (quivered) {=f}
 p - 37 poisoned needles
 t - 8 curare-tipped needles
 u - 4 javelins
Armour
 g - a +0 pair of gloves (worn)
   (You found it on level 1 of the Dungeon)
 j - a +0 ring mail (worn)
   (You found it on level 2 of the Dungeon)
 k - a +0 buckler of poison resistance (worn)
   (You found it on level 1 of the Dungeon)
Comestibles
 c - 3 bread rations {@e1}
 l - 2 chunks of jackal flesh {@w0}
 r - 3 fruits
 s - 2 meat rations {@e2}
Scrolls
 e - a scroll of remove curse
 i - a scroll of teleportation
 y - a scroll of enchant weapon I {unknown}
 z - a scroll of identify
Jewellery
 f - a ring of protection from cold (left hand) {rC+, !d}
   (You found it on level 2 of the Dungeon)
 m - a cursed +1 ring of intelligence (right hand)
   (You took it off a gnoll on level 5 of the Dungeon)
Potions
 d - 7 potions of curing
 o - a potion of flight
 v - a potion of restore abilities {unknown}


   Skills:
 - Level 3.0 Fighting
 * Level 5.2 Maces & Flails
 + Level 5.0 Armour
 - Level 2.0 Dodging
 + Level 4.1 Shields


You had 6 spell levels left.
You didn't know any spells.

Dungeon Overview and Level Annotations

Branches:
Dungeon (5/15)             Temple (0/1) D:4

Altars:
Cheibriados
Sif Muna
Zin

Annotations:
D:4 Amnesiac's ghost, average DEWz


Innate Abilities, Weirdness & Mutations

You have a pair of small antennae on your head.
You are partially covered in iridescent scales (AC +4).
You are partially covered in sharp spines.


Message History

You hit the jackal.
You kill the jackal!
Trog accepts your kill.
You see here a jackal corpse.
You start butchering the jackal corpse.
You continue butchering the corpse.
You continue butchering the corpse. x2
You finish butchering the jackal corpse.
l - 2 chunks of jackal flesh {@w0} You see here a jackal skeleton.
Health restored: 52 The jackal is too close now for your liking.
The orc wizard shouts!
A gnoll shaman comes into view. It is wielding a whip.
Items here: %% )) [[[ The gnoll shaman shouts!
The orc wizard hits you but does no damage.
A gnoll shaman comes into view. It is wielding a whip.
The gnoll shaman shouts!
You block the orc wizard's attack.
Items here: %% )) [[[ You hit the orc wizard.
The orc wizard barely misses you.
You closely miss the orc wizard.
The orc wizard hits you but does no damage.
You closely miss the orc wizard.
The orc wizard mumbles some strange words.
The orc wizard blinks!
You sock the gnoll shaman!
The orc wizard mumbles some strange words.
The orc wizard blinks!
The gnoll shaman barely misses you.
You hit the gnoll shaman but do no damage.
The gnoll shaman closely misses you.
You barely miss the gnoll shaman. You block the gnoll shaman's attack.
You barely miss the gnoll shaman. You block the gnoll shaman's attack.
You hit the gnoll shaman.
The gnoll shaman mumbles some strange prayers to its god against you.
You are outlined in light.
You hit the gnoll shaman but do no damage.
The orc wizard mumbles some strange words.
The orc wizard seems to speed up.
The gnoll shaman hits you but does no damage.
You hit the gnoll shaman but do no damage.
The gnoll shaman is struck by your spines.
The gnoll shaman hits you but does no damage.
You hit the gnoll shaman.
The orc wizard gestures wildly while chanting.
The orc wizard blinks!
The gnoll shaman hits you but does no damage.
You closely miss the gnoll shaman.
The gnoll shaman is struck by your spines.
The gnoll shaman hits you with a whip!
The orc wizard points at you and mumbles some strange words.
The magic dart hits you!
You take 8 damage, and have 44/52 hp.
You hit the gnoll shaman.
The gnoll shaman hits you but does no damage.
The orc wizard casts a spell at you.
You feel yourself slow down.
You hit the gnoll shaman but do no damage.
The orc wizard gestures at you while chanting.
The magic dart hits you! The gnoll shaman hits you with a whip.
The orc wizard gestures at you while chanting.
The magic dart hits you! The gnoll shaman barely misses you.
You take 6 damage, and have 38/52 hp.
You hit the gnoll shaman.
You kill the gnoll shaman!
Trog accepts your kill.
Your Armour skill increases to level 5!
The orc wizard gestures at you while chanting.
The magic dart hits you!
The orc wizard hits you but does no damage.
The orc wizard hits you from afar with a trident.
Some of the chunks of flesh in your inventory have completely rotted away.
You take 5 damage, and have 33/52 hp.
The orc wizard casts a spell.
The orc wizard blinks!
The orc wizard closely misses you.
The orc wizard points at you and mumbles some strange words.
The magic dart hits you!
The orc wizard hits you but does no damage.
You take 3 damage, and have 30/52 hp.
The orc wizard hits you with a trident!
The orc wizard is struck by your spines.
The orc wizard hits you with a trident.
You take 11 damage, and have 19/52 hp.
MASSIVE DAMAGE!!
You barely miss the orc wizard.
The orc wizard gestures at you while chanting.
The magic dart hits you!
* * * LOW HITPOINT WARNING * * *
The orc wizard hits you with a trident.
* * * LOW HITPOINT WARNING * * *
You take 13 damage, and have 6/52 hp.
MASSIVE DAMAGE!!
A red film seems to cover your vision as you go berserk!
You feel yourself moving faster!
You feel mighty!
You feel somewhat more hungry. The orc wizard barely misses you.
The orc wizard hits you with a trident.
* * * LOW HITPOINT WARNING * * *
You now have 7/78 hp.
You barely miss the orc wizard. The orc wizard hits you with a trident!
You die...

#....≈≈≈ .. #....
#....≈≈###'# #....
#...P≈≈#...#############''''
#....≈≈#.g.#................
#....≈≈#####≈≈h≈≈≈≈≈≈≈≈≈....
#....≈≈≈≈≈≈≈≈≈≈≈≈≈≈≈≈≈≈≈....
#P...≈≈≈≈≈≈≈≈≈≈≈≈≈≈≈≈≈≈≈....
#.).........................
##########.@o...............
#.)................
#[######..#........ #.#
#..#........ #.#
#..#........ #.#
#..#........ #.#
#..#..###### #.#
#..#..#.....
#.######..#..'.....


You could see a gnoll shaman, an orc wizard and a jackal.

Vanquished Creatures
  An ogre (D:5)
  A centaur (D:5)
  A big kobold (Sewer)
  Blork the orc (D:5)
  A gnoll sergeant (D:5)
  A worker ant (D:3)
  A big fish (Sewer)
  2 iguanas
  2 gnoll shamans (D:5)
  An orc priest (D:3)
  8 gnolls (D:5)
  A green rat (Sewer)
  6 adders
  A giant mite (D:5)
  2 worms (D:3)
  2 oozes (D:3)
  10 orcs
  12 bats
  11 giant cockroaches
  9 hobgoblins
  11 jackals
  15 kobolds
  3 quokkas
  A ball python (D:2)
  2 giant geckos
  A giant gecko skeleton (D:5)
  3 giant newts
  6 goblins
  A hobgoblin skeleton (D:5)
  13 rats
130 creatures vanquished.

Notes
Turn   | Place    | Note
--------------------------------------------------------------
     0 | D:1      | PollyEsther, the Demonspawn Berserker, began the quest for the Orb.
     0 | D:1      | Reached XP level 1. HP: 18/18 MP: 1/1
   299 | D:1      | Gained mutation: You are partially covered in sharp spines. [demonic ancestry]
   299 | D:1      | Reached XP level 2. HP: 20/24 MP: 2/2
   336 | D:1      | Reached skill level 2 in Dodging
   609 | D:1      | Reached skill level 3 in Maces & Flails
   987 | D:2      | Reached XP level 3. HP: 29/29 MP: 3/3
   996 | D:2      | Acquired Trog's second power
  1142 | D:2      | Found a snail-covered altar of Cheibriados.
  1266 | D:2      | Reached skill level 3 in Armour
  1286 | D:2      | Gained mutation: You have a pair of small antennae on your head. [demonic ancestry]
  1286 | D:2      | Reached XP level 4. HP: 35/35 MP: 4/4
  1321 | D:2      | Found a deep blue altar of Sif Muna.
  1541 | D:3      | Reached skill level 1 in Shields
  1793 | D:3      | Found a glowing silver altar of Zin.
  2036 | D:3      | Gained mutation: You are partially covered in iridescent scales (AC +4). [demonic ancestry]
  2036 | D:3      | Reached XP level 5. HP: 41/41 MP: 5/5
  2238 | D:3      | Reached skill level 2 in Shields
  2546 | D:4      | Noticed Amnesiac's ghost (average DEWz)
  2552 | D:4      | Found a staircase to the Ecumenical Temple.
  2554 | D:5      | Entered Level 5 of the Dungeon
  2554 | D:5      | Noticed an ogre
  2568 | D:5      | Killed an ogre
  2568 | D:5      | Reached skill level 4 in Maces & Flails
  2568 | D:5      | Reached skill level 4 in Armour
  2568 | D:5      | Reached XP level 6. HP: 39/47 MP: 6/6
  2784 | D:5      | Noticed a centaur
  2798 | D:5      | Killed a centaur
  2798 | D:5      | Reached skill level 3 in Shields
  2825 | D:5      | Found a glowing drain.
  2860 | Sewer    | Entered a sewer
  3165 | Sewer    | Reached XP level 7. HP: 30/52 MP: 7/7
  3295 | Sewer    | Found a white marble altar of Elyvilon.
  3400 | D:5      | Acquired Trog's third power
  3549 | D:5      | Noticed Blork the orc
  3567 | D:5      | Killed Blork the orc
  3791 | D:5      | Reached skill level 5 in Maces & Flails
  3911 | D:5      | HP: 10/52 [orc/trident (5)]
  3995 | D:5      | Reached skill level 4 in Shields
  4365 | D:5      | Reached skill level 5 in Armour
  4369 | D:5      | HP: 10/52 [orc wizard/magic dart (9)]
  4371 | D:5      | Slain by an orc wizard

Action                   |  1- 3 |  4- 6 |  7- 9 || total
-------------------------+-------+-------+-------++-------
Melee: Mace              |   111 |   201 |   125 ||   437
       Flail             |       |    77 |    20 ||    97
 Fire: Blowgun           |       |     4 |     4 ||     8
Invok: Berserk           |     1 |     3 |     5 ||     9
       Trog's Hand       |       |     1 |     1 ||     2
  Use: Scroll            |     4 |     5 |     4 ||    13
       Potion            |       |       |     1 ||     1

Vault maps used:
D:1:      onia_arrival_mini_spirals, serial_bayou_pond_c
D:2:      lemuel_round_altar, lemuel_round_altar, first_bread,
          patterned_corridor
D:3:      lemuel_crystal_altar
D:4:      minmay_temple_entry_statues_fountains, serial_shops,
          nicolae_shop_crystal, uniq_sigmund
D:5:      lemuel_castle_with_subvaults, portal_sewer_entry_f,
          hangedman_decor_peaks_small, minivault_25, uniq_blork_the_orc
Sewer:    sewer_kobolds

Table legend:
 A = Turns spent in this place as a percentage of turns spent in the entire game.
 B = Non-inter-level travel turns spent in this place as a percentage of non-inter-level travel turns spent in the entire game.
 C = Inter-level travel turns spent in this place as a percentage of turns spent in this place.
 D = Turns resting spent in this place as a percentage of non-inter-level travel turns spent in this place.
 E = Turns spent auto-exploring this place as a percentage of non-inter-level travel turns spent in this place.
 F = Non-inter-level travel turns spent in this place divided by the number of levels of this place that you've seen.
                   A       B       C       D       E      F
               +-------+-------+-------+-------+-------+----------------------
         Total | 100.0 | 100.0 |   0.2 |   2.0 |   4.1 | 319.5
       Dungeon |  92.6 |  92.6 |   0.2 |   1.8 |   4.4 | 355.0
         Sewer |   7.4 |   7.4 |   0.0 |   4.2 |   0.7 | 142.0
               +-------+-------+-------+-------+-------+----------------------

Table legend:
 A = Kills in this place as a percentage of kills in entire the game.
 B = Kills by you in this place as a percentage of kills by you in the entire game.
 C = Kills by friends in this place as a percentage of kills by friends in the entire game.
 D = Other kills in this place as a percentage of other kills in the entire game.
 E = Experience gained in this place as a percentage of experience gained in the entire game.
 F = Experience gained in this place divided by the number of levels of this place that you have seen.
                   A       B       C       D       E      F
               +-------+-------+-------+-------+-------+----------------------
         Total | 100.0 | 100.0 |  -nan |  -nan | 100.0 | 198.0
       Dungeon |  91.5 |  91.5 |  -nan |  -nan |  86.2 | 204.8
         Sewer |   8.5 |   8.5 |  -nan |  -nan |  13.8 | 164.0
               +-------+-------+-------+-------+-------+----------------------
